 Dungeon Crawl Stone Soup version 0.17-a0-1468-gbf503c2 (webtiles) character file.

305 pulse the Chopper (level 6, -11/51 HPs)
             Began as a Formicid Berserker on July 1, 2015.
             Was a Priest of Trog.
             Mangled by an ogre
             ... wielding a +0 giant club
              (16 damage)
             ... on level 3 of the Dungeon.
             The game lasted 00:05:28 (2307 turns).

pulse the Chopper (Formicid Berserker)              Turns: 2307, Time: 00:05:28

Health: -11/51     AC:  5    Str: 24    XL:     6   Next: 66%
Magic:  6/6        EV: 11    Int:  6    God:    Trog [***...]
Gold:   156        SH:  0    Dex: 10    Spells: 0 memorised, 5 levels left

rFire  . . .     SeeInvis +     o - +3 hand axe (holy)
rCold  . . .     Clarity  .     r - +0 ring mail (curse)
rNeg   . . .     SustAt   .     (no shield)
rPois  .         Gourm    .     (helmet unavailable)
rElec  .         Spirit   .     (no cloak)
rCorr  .         Warding  .     (no gloves)
rMut   .         Stasis   +     (no boots)
MR     +....                    m - amulet of faith
Stlth  ..........               (no ring)
                                q - ring of protection from magic

@: somewhat resistant to hostile enchantments, extremely unstealthy
A: permanent stasis, dig shafts and tunnels, four strong arms, antennae 3
a: Dig, Shaft Self, Burn Spellbooks, Trog's Hand, Renounce Religion


You were on level 3 of the Dungeon.
You worshipped Trog.
Trog was most pleased with you.
You were not hungry.

You visited 1 branch of the dungeon, and saw 3 of its levels.

You collected 156 gold pieces.

Inventory:

Hand weapons
 o - a +3 hand axe of holy wrath (weapon)
Armour
 d - a +0 chain mail
 r - a cursed +0 ring mail (worn)
Jewellery
 e - a +3 ring of strength {unknown}
 m - an amulet of faith (around neck)
 q - a ring of protection from magic (left hand)
Scrolls
 f - 2 scrolls of fog {unknown}
Potions
 a - a potion of haste {unknown}
 k - a potion of brilliance {unknown}
Comestibles
 c - 3 bread rations
 n - a meat ration


   Skills:
 + Level 5.0 Fighting
 * Level 5.3 Axes
 + Level 3.6 Armour
 - Level 1.7 Dodging


You had 5 spell levels left.
You didn't know any spells.

Dungeon Overview and Level Annotations

Branches:
Dungeon (3/15)

Altars:

Annotations:
D:3 abixa's ghost, average OgGl


Innate Abilities, Weirdness & Mutations

You are under a permanent stasis effect.
You can dig through walls and to a lower floor.
Your four strong arms can wield two-handed weapons with a shield.
You have a pair of large antennae on your head (SInv).


Message History

It was a potion of heal wounds.
You feel much better. The ogre closely misses you.
All of the chunks of flesh in your inventory have rotted away.
You hit the ogre.
The ogre is heavily wounded.
The ogre hits you with a giant club!!
Ouch! That really hurt!
You hit the ogre.
The ogre is severely wounded.
The ogre barely misses you.
You closely miss the ogre.
The ogre is severely wounded.
You hit the ogre.
The ogre is almost dead.
The ogre hits you with a giant club!
* * * LOW HITPOINT WARNING * * *
You hit the ogre.
The ogre is almost dead.
The ogre hits you with a giant club!
You die...

#.........#.....W##
#.........######..##
#..>..#.### #....
#.....#.##########.r
#................##.
#.......########.###
#................###
#.O.................
#..@..#..........###
#######...........##
#.............
#..........##.
#..........###
#.##.####.....
#..#..# #..###
##.##.###..##.
#.##......##.


You could see an ogre.

Vanquished Creatures
  An ice beast (D:3)
  A hound (D:3)
  9 adders
  4 gnolls
  A worm (D:2)
  2 giant geckos (D:2)
  An orc (D:3)
  2 ball pythons
  3 giant cockroaches
  5 hobgoblins
  5 jackals
  6 bats
  6 giant newts
  5 goblins
  5 kobolds
  8 rats
64 creatures vanquished.

Notes
Turn   | Place    | Note
--------------------------------------------------------------
     0 | D:1      | pulse the Formicid Berserker began the quest for the Orb.
     0 | D:1      | Reached XP level 1. HP: 18/18 MP: 1/1
   107 | D:1      | Reached XP level 2. HP: 10/24 MP: 2/2
   668 | D:1      | Reached XP level 3. HP: 30/30 MP: 3/3
   977 | D:2      | Reached skill level 4 in Fighting
   989 | D:2      | Acquired Trog's second power
   989 | D:2      | Reached XP level 4. HP: 30/37 MP: 4/4
  1484 | D:3      | Reached XP level 5. HP: 42/42 MP: 5/5
  1526 | D:3      | Noticed an ice beast
  1543 | D:3      | Killed an ice beast
  1543 | D:3      | Reached skill level 5 in Axes
  1543 | D:3      | Reached XP level 6. HP: 15/49 MP: 6/6
  1770 | D:3      | Noticed abixa's ghost (average OgGl)
  2098 | D:3      | Reached skill level 5 in Fighting
  2307 | D:3      | Mangled by an ogre

Vault maps used:
D:1:      dpeg_arrival_tiny_a
D:2:      serial_park_tiny_pond, kennysheep_generic_room_10
D:3:      grunt_temple_overflow_cloverleaf, bloody_trog, first_bread

Action                   |  1- 3 |  4- 6 || total
-------------------------+-------+-------++-------
Melee: Hand axe          |    36 |   123 ||   159
       Whip              |    74 |       ||    74
  Use: Scroll            |       |     7 ||     7
       Potion            |       |     6 ||     6
  Eat: Chunk             |       |     5 ||     5
